 Dungeon Crawl Stone Soup version 0.21.1-1-g345015fe64 (webtiles) character file.

197 Naow the Shield-Bearer (level 6, -5/47 HPs)
             Began as a Formicid Fighter on June 9, 2018.
             Killed from afar by a white imp (11 damage)
             ... with a puff of frost
             ... summoned by Natasha
             ... on level 3 of the Dungeon on June 10, 2018.
             The game lasted 00:03:04 (1589 turns).

Naow the Shield-Bearer (Formicid Fighter)           Turns: 1589, Time: 00:03:04

Health: -5/47      AC:  6    Str: 22    XL:     6   Next: 5%
Magic:  6/6        EV:  8    Int:  8    God:
Gold:   214        SH: 10    Dex: 10    Spells: 5/5 levels left

rFire    . . .     SeeInvis +   a - +0 war axe
rCold    . . .     Gourm    .   c - +0 shield
rNeg     . . .     Faith    .   b - +0 scale mail
rPois    .         Spirit   .   (helmet unavailable)
rElec    .         Reflect  .   (no cloak)
rCorr    .         Harm     .   (no gloves)
MR       .....                  (no boots)
Stlth    ..........             (no amulet)
HPRegen  0.15/turn              (no ring)
MPRegen  0.10/turn              (no ring)

@: no status effects
A: permanent stasis, dig shafts and tunnels, four strong arms, antennae 3
a: Dig, Shaft Self


You were on level 3 of the Dungeon.
You were hungry.

You visited 1 branch of the dungeon, and saw 3 of its levels.

You collected 214 gold pieces.

Inventory:

Hand Weapons
 a - a +0 war axe (weapon)
Armour
 b - a +0 scale mail (worn)
 c - a +0 shield (worn)
Scrolls
 g - 5 scrolls of identify {unknown}
 h - a scroll of magic mapping {unknown}
 k - 2 scrolls of enchant weapon {unknown}
 m - a scroll of fear {unknown}
 n - a scroll of random uselessness {unknown}
 o - a scroll of remove curse {unknown}
 p - a scroll of immolation {unknown}
 q - a scroll of enchant armour {unknown}
Potions
 d - 4 potions of might
 e - a potion of heal wounds {unknown}
 i - 2 potions of curing {unknown}
 j - a potion of flight {unknown}
 l - 2 potions of haste {unknown}
Comestibles
 f - 2 rations


   Skills:
 - Level 3.2 Fighting
 * Level 4.9 Axes
 - Level 3.2 Armour
 + Level 5.1 Shields


You had 5 spell levels left.
You didn't know any spells.

Dungeon Overview and Level Annotations

Branches:
Dungeon (3/15)

Altars:
Fedhas

Annotations:
D:3 Natasha


Innate Abilities, Weirdness & Mutations

You cannot be hasted, slowed, berserked, paralysed or teleported.
You can dig through walls and to a lower floor.
Your four strong arms can wield two-handed weapons with a shield.
You have a pair of large antennae on your head. (SInv)


Message History

Natasha is heavily wounded.
You closely miss the white imp.
Natasha mumbles some strange words.
The white imp barely misses you.
Natasha casts a spell.
You hit Natasha.
Natasha is severely wounded.
You hit the white imp but do no damage. You block the white imp's attack.
You block Natasha's attack. The white imp gestures at you.
You block the puff of frost. The white imp gestures at you.
The puff of frost hits you!
* * * LOW HITPOINT WARNING * * *
You closely miss Natasha.
Natasha is severely wounded.
You closely miss the white imp. You block Natasha's attack.
The white imp gestures at you. The puff of frost hits you!
You die...

.... #......... ....
#........ ....
#.......# ..... #...
#.......#...... #...
#.......#...... ....
#....5..#...... ....
#...h5..#...... ...
#..5.@......# ..
#...........# ...
#........########....
#........'..........)
#........#.........#
#...P.P).#.........+
#...._.............#
#...P.P............#
#..................#


You could see Natasha, 2 white imps and a shadow imp.

Vanquished Creatures
  An ogre (D:2)
  Robin (D:2)
  3 adders
  An ooze (D:1)
  A worm (D:3)
  3 dart slugs (D:1)
  2 leopard geckos (D:2)
  4 giant cockroaches
  14 goblins
  12 hobgoblins
  6 bats
  6 frilled lizards
  3 kobolds
  7 rats
64 creatures vanquished.

Notes
Turn   | Place    | Note
-------+----------+-------------------------------------------
     0 | D:1      | Naow the Formicid Fighter began the quest for the Orb.
     0 | D:1      | Reached XP level 1. HP: 18/18 MP: 1/1
   202 | D:1      | Reached XP level 2. HP: 19/24 MP: 2/2
   276 | D:1      | Reached skill level 4 in Shields
   298 | D:1      | Reached XP level 3. HP: 29/29 MP: 3/3
   864 | D:2      | Reached XP level 4. HP: 33/35 MP: 4/4
   884 | D:2      | Noticed an ogre
   898 | D:2      | Killed an ogre
   898 | D:2      | Reached XP level 5. HP: 27/41 MP: 5/5
   912 | D:2      | Noticed Robin
  1003 | D:2      | Killed Robin
  1003 | D:2      | Reached skill level 5 in Shields
  1479 | D:3      | Reached XP level 6. HP: 42/47 MP: 6/6
  1550 | D:3      | Found a blossoming altar of Fedhas.
  1565 | D:3      | Noticed Natasha
  1589 | D:3      | Killed from afar by a white imp

Skill      XL: |  1  2  3  4  5 |
---------------+----------------+-----
Shields        | 4 5 |  5.1
Axes           | 3 4 |  4.9
Fighting       | |  3.2
Armour         | |  3.2

Action                   |  1- 3 |  4- 6 || total
-------------------------+-------+-------++-------
Melee: War axe           |    72 |   103 ||   175
  Eat: Chunk             |       |     2 ||     2
Armor: Scale mail        |    25 |    36 ||    61
Dodge: Dodged            |    23 |    36 ||    59
Block: Shield            |    42 |    57 ||    99
